 Dungeon Crawl Stone Soup version 0.27.0-1-g7a089689b8 (webtiles) character file.

Game seed: 15371187078603116334

37 hawla the Sneak (level 3, -3/33 HPs)
             Began as a Deep Elf Delver on Aug 6, 2021.
             Slain by a kobold (4 damage)
             ... on level 1 of the Dungeon.
             The game lasted 00:04:10 (1048 turns).

hawla the Sneak (Deep Elf Delver)                   Turns: 1048, Time: 00:04:10

Health: -3/33      AC:  3    Str:  9    XL:     3   Next: 21%
Magic:  5/5        EV:  9    Int: 15    God:
Gold:   38         SH:  0    Dex: 16    Spells: 2/2 levels left

rFire    . . .     SeeInvis .   a - +0 short sword
rCold    . . .     Faith    .   (no shield)
rNeg     . . .     Spirit   .   b - +0 leather armour
rPois    .         Reflect  .   (no helmet)
rElec    .         Harm     .   (no cloak)
rCorr    .         Rampage  .   (no gloves)
Will     .....                  (no boots)
Stlth    ..........             (no amulet)
HPRegen  0.11/turn              (no ring)
MPRegen  0.09/turn              (no ring)

@: berserking, constricted, very quick
A: no striking features
a: no special abilities


You were on level 1 of the Dungeon.
You visited 1 branch of the dungeon, and saw 5 of its levels.

You collected 38 gold pieces.

Inventory:

Hand Weapons
 a - a +0 short sword (weapon)
Armour
 b - a +0 leather armour (worn)
Wands
 g - a wand of digging (3)
Scrolls
 c - 2 scrolls of fog
 d - a scroll of magic mapping
 e - a scroll of fear
 f - a scroll of summoning {unknown}
 h - a scroll of vulnerability {unknown}
Potions
 i - a potion of flight
 k - a potion of berserk rage


   Skills:
 + Level 2.6 Fighting
 + Level 2.4 Short Blades
 + Level 2.6 Dodging
 + Level 6.8 Stealth


You had 2 spell levels left.
You didn't know any spells.
Your spell library was empty.

Dungeon Overview and Level Annotations

Branches:
Dungeon (5/15)
 Temple: D:4-7

Altars:

Shops:
D:4 =


Message History

The jackal barely misses you. The ball python barely misses you.
The ball python constricts you.
You closely miss the jackal.
The jackal is almost dead.
The jackal bites you but does no damage.
The ball python barely misses you. The ball python constricts you.
The jackal bites you but does no damage.
You barely miss the jackal.
The jackal is severely wounded.
The jackal bites you.
The ball python bites you but does no damage.
The ball python constricts you.
You hit the jackal.
You kill the jackal!
The ball python bites you but does no damage.
The ball python constricts you.
You miss the kobold. The kobold closely misses you.
The ball python bites you but does no damage.
The ball python constricts you.
You closely miss the kobold. The ball python bites you.
The ball python constricts you. The kobold barely misses you.
You hit the kobold.
The kobold is moderately wounded.
The ball python bites you but does no damage.
The ball python constricts you.
The kobold hits you with a +0 short sword.
* * * LOW HITPOINT WARNING * * *
The ball python bites you.
* * * LOW HITPOINT WARNING * * *
The ball python constricts you.
It was a potion of berserk rage.
A red film seems to cover your vision as you go berserk!
You feel yourself moving faster!
You feel mighty! The kobold barely misses you. The ball python bites you.
* * * LOW HITPOINT WARNING * * *
x2 The ball python constricts you.
You hit the kobold.
The kobold is severely wounded.
The kobold hits you with a +0 short sword.
You die...

......h.b......#
#.............# #
#...........# ..
###..K.##### ...
##.....## ..###
#.......# ...
#.......#
#S###.......#######
#.@Kh........##....
####...............
##...............
##
#................
.#
#........).......
##
...#........)....
..#.#.............
.##.#.............
##............


You could see a jackal, a ball python and a kobold.

Vanquished Creatures
  An adder (D:3)
  A dart slug (D:1)
  3 endoplasms
  2 goblins
  A hobgoblin (D:4)
  3 jackals (D:1)
  2 kobolds (D:1)
  4 quokkas
  2 ball pythons (D:3)
  2 bats
  A frilled lizard (D:2)
22 creatures vanquished.

Notes
Turn   | Place    | Note
-------+----------+-------------------------------------------
     0 | D:5      | hawla the Deep Elf Delver began the quest for the Orb.
     0 | D:5      | Reached XP level 1. HP: 13/13 MP: 3/3
   113 | D:4      | Found Kupargh's Jewellery Shop.
   329 | D:3      | Reached XP level 2. HP: 18/18 MP: 4/4
   858 | D:1      | Reached XP level 3. HP: 18/22 MP: 5/5
  1047 | D:1      | HP: 1/33 [ball python (1)]
  1048 | D:1      | Slain by a kobold

Illustrated notes

Levels and vault maps discovered:
D:1:      nzn_arrival_settlement, layout_rooms, shapermc_ecumenical_altar_ellora
D:2:      layout_rooms, uniq_robin
D:3:      layout_basic, nrook_mini_backslash, chequers_serial_rivers_marsh
D:4:      layout_loops_ring, chequers_temple_overflow_statue_of_worship,
          mainiacjoe_overflow_alcove_4, serial_shops, shop
D:5:      layout_loops_cross, temple_green, gammafunk_ghost_cemetery,
          serial_shops, nicolae_shop_waterfront, minmay_holes,
          minmay_starry_boxes

Action                   || total
-------------------------++-------
Melee: Short sword       ||    80
  Use: Potion            ||     5
 Stab: Sleeping          ||     5
Armor: Leather armour    ||    25
Dodge: Dodged            ||    57
